 Dungeon Crawl Stone Soup version 0.31-a0-728-g01b46875f1 (webtiles) character file.

Game seed: 4084186932626663986

96 Newt the Trooper (level 4, -12/46 HPs)
             Began as a Gargoyle Fighter on Sept 11, 2023.
             Killed from afar by Ijyb (18 damage)
             ... with a bolt of acid
             ... on level 3 of the Dungeon.
             The game lasted 00:01:59 (1746 turns).

Newt the Trooper (Gargoyle Fighter)                 Turns: 1746, Time: 00:01:59

Health: -12/46     AC: 14    Str: 20 (22) XL:     4   Next: 67%
Magic:  4/4        EV:  2    Int:  8      God:
Gold:   1          SH:  4    Dex:  9      Spells: 3/3 levels left

rFire   . . .        a - +1 flail
rCold   . . .        c - +0 buckler
rNeg    + . .        b - melded +0 scale mail
rPois   ∞            (helmet currently unavailable)
rElec   .            (cloak currently unavailable)
rCorr   .            (gloves currently unavailable)
SInv    .            (boots currently unavailable)
Will    .....        (no amulet)
Stlth   +            (no ring)
HPRegen 0.27/turn    (no ring)
MPRegen 0.09/turn

%: no passive effects
@: mighty, tree-form, corroded
A: stationary, stasis, torment immunity, boosted hp, sickness immunity, AC +3,
negative energy resistance 1, (electricity resistance), torment resistance 1,
petrification resistance
a: no special abilities


You were on level 3 of the Dungeon.
You were a tree.
You visited 1 branch of the dungeon, and saw 3 of its levels.

You collected 73 gold pieces.
You spent 72 gold pieces at shops.

Inventory:

Hand Weapons
 a - a +1 flail (weapon)
Armour
 b - a +0 scale mail (melded)
 c - a +0 buckler (worn)
Scrolls
 f - a scroll of teleportation
Potions
 g - a potion of mutation {unknown}
 h - a potion of degeneration
 k - a potion of attraction


   Skills:
 - Level 5.0 Fighting
 + Level 3.3 Maces & Flails
 - Level 3.2 Armour
 - Level 3.2 Shields


You had 3 spell levels left.
You didn't know any spells.
Your spell library contained the following spells:

 Spells                   Type           Power      Damage    Failure   Level
 Ignite Poison            Fire/Tmut/Pois 0%         N/A       85%         3
 Sticky Flame             Conj/Fire      0%         2d3       99%         4
 Ignition                 Fire           0%         3d3       100%        8


Dungeon Overview and Level Annotations

Branches:
Dungeon (3/15)

Altars:
Nemelex Xobeh

Shops:
D:3 !

Annotations:
D:3 Ijyb


Innate Abilities, Weirdness & Mutations

You are a tree.
Your roots penetrate the ground, keeping you stationary.
You cannot be teleported.
You are immune to unholy pain and torment.
Your maximum health is greatly increased.
Your equipment is partially melded.
You are immune to sickness and miasma.
((Your stone body is resilient. (AC +3)))
You are immune to poison.
You resist negative energy. (rN+)
((You are resistant to electric shocks. (rElec)))
You are resistant to unholy torment.
You are immune to petrification.


Message History

There is an open door here.
You sock the bat!
You kill the bat!
No target in view!
No target in view!
No target in view!
No target in view!
No target in view!
You see here a bat corpse.
l - a scroll labelled ZUORYR ONYAPP You pick up an Everburning Encyclopedia and begin reading...
You add the spells Ignite Poison, Sticky Flame and Ignition to your library.
As you read the scroll labelled EDIROHU TAKY, it crumbles to dust.
It is a scroll of identify.
e - a potion of lignification
As you read the scroll labelled ZUORYR ONYAPP, it crumbles to dust.
You feel aware of your surroundings.
It was a scroll of revelation.
Found a ring mail.
Ijyb the Twisted Goblin comes into view.
She is wielding a +0 club and carrying a wand of acid.
Ijyb shouts!
Ijyb is nearby!
Ijyb zaps a wand.
The bolt of acid hits you! The acid corrodes you!
You hit Ijyb but do no damage. Ijyb closely misses you.
A kobold comes into view. It is wielding a +0 club.
Ijyb zaps a wand.
The bolt of acid hits you!!
Ouch! That really hurt!
* * * LOW HITPOINT WARNING * * *
The acid corrodes you!
The kobold shouts!
You feel better. Ijyb barely misses you.
You turn into a tree.
Your +0 scale mail melds into your body.
Your roots penetrate the ground.
Ijyb hits you but does no damage.
You feel very mighty all of a sudden.
Ijyb zaps a wand.
The bolt of acid hits you!
* * * LOW HITPOINT WARNING * * *
You sock Ijyb!
Ijyb is moderately wounded.
Ijyb zaps a wand.
The bolt of acid hits you!!
You die...

*,,,,,,,,,,* *,,** *,,,,,,,,,
*,,,,,,,,,,* *,** *,,,,,,,,,
*,,,,,,,,,,* ***,* *,,,,,,,,,
*,,,,,,,,,,***,,,* *,,,,,,,,,
**,,,,,,,,,,**,,*** #######*+****
*,,,,,,,,,,,>,,** #.....##.####
,,,,,,,,,.,,,*** #.....##.####
,,,,,,,,,....########.....##.....
,,*********#.K.g♣.........#######
,,* ##########.########### ,,*
#...######### ,,* ###.#########
,,***************** #..#.......
,<,,,,,,,,,,,,,,,,* ##.#.......
,,***************,######.........
*,,,,,,,,,,,,,,**,#..............
,,,,,,,*******,**,#..............


You could see Ijyb and a kobold.

Vanquished Creatures
  4 gnolls (D:2)
  2 dart slugs (D:1)
  An orc (D:2)
  6 endoplasms
  2 giant cockroaches (D:1)
  5 goblins
  5 hobgoblins
  4 jackals (D:2)
  2 kobolds
  3 quokkas
  5 ball pythons
  2 bats
  2 frilled lizards
  4 rats
47 creatures vanquished.

Notes
Turn   | Place    | Note
-------+----------+-------------------------------------------
     0 | D:1      | Newt the Gargoyle Fighter began the quest for the Orb.
     0 | D:1      | Reached XP level 1. HP: 14/14 MP: 1/1
   190 | D:1      | Reached XP level 2. HP: 20/20 MP: 2/2
   320 | D:1      | Reached skill level 4 in Fighting
   703 | D:1      | Reached XP level 3. HP: 21/24 MP: 3/3
  1073 | D:2      | Reached skill level 5 in Fighting
  1077 | D:2      | HP: 1/26 [gnoll/+0 spear (6)]
  1094 | D:2      | Reached XP level 4. HP: 31/31 MP: 4/4
  1559 | D:3      | Found a sparkling altar of Nemelex Xobeh.
  1675 | D:3      | Found Paeprik's Distillery.
  1703 | D:3      | Bought a potion of curing for 36 gold pieces
  1703 | D:3      | Bought a potion of attraction for 36 gold pieces
  1738 | D:3      | Noticed Ijyb
  1746 | D:3      | Killed from afar by Ijyb

Illustrated notes

Levels and vault maps discovered:
D:1:      zaba_arrival_water, layout_loops_ring, serial_forest,
          infiniplex_forest_diagonal, infiniplex_forest_lined_2,
          infiniplex_forest_end_2, infiniplex_forest_clump_small,
          infiniplex_forest_straight_2, infiniplex_forest_straight_5,
          infiniplex_forest_lined_ring
D:2:      layout_rooms, corexii_shack, minmay_tetromino_i2
D:3:      layout_basic, mainiacjoe_overflow_paths, serial_shops, shop,
          dreamdust_wishing_well, uniq_crazy_yiuf_cottage, uniq_jessica,
          uniq_ijyb

Skill      XL: |  1  2  3  4 |
---------------+-------------+-----
Fighting       | 4 5 |  5.0
Maces & Flails | 3 |  3.3
Armour         | |  3.2
Shields        | |  3.2

Action                     |  1- 3 |  4- 6 || total
---------------------------+-------+-------++-------
  Melee: Flail             |   113 |    52 ||   165
    Use: Potion            |     4 |     3 ||     7
         Scroll            |     2 |     4 ||     6
 Armour: Scale mail        |   113 |    74 ||   187
         Skin              |       |     3 ||     3
  Dodge: Dodged            |    69 |    44 ||   113
  Block: Buckler           |    22 |    18 ||    40

Table legend: (Time is in decaauts)
 A = Elapsed time spent in this place.
 B = Non-inter-level travel time spent in this place.
 C = Inter-level travel time spent in this place.
 D = Time resting spent in this place.
 E = Time spent auto-exploring this place.
 F = Levels seen in this place.
 G = Mean time per level.
                   A        B        C        D        E       F      G
               +--------+--------+--------+--------+--------+-----+--------+
         Total |   1804 |   1759 |     45 |     41 |   1304 |   3 |  601.3 |
       Dungeon |   1804 |   1759 |     45 |     41 |   1304 |   3 |  601.3 |
               +--------+--------+--------+--------+--------+-----+--------+

Top non-repeatable levels by time:
     D:1: 996 daAuts
     D:2: 601 daAuts
     D:3: 205 daAuts
